 Dungeon Crawl Stone Soup version 0.23-a0-558-g30802b1 (webtiles) character file.

155 zishaf the Sneak (level 5, -6/24 HPs)
             Began as a Spriggan Enchanter on Dec 13, 2018.
             Mangled by Grinder (11 damage)
             ... on level 3 of the Dungeon.
             The game lasted 00:07:26 (2763 turns).

zishaf the Sneak (Spriggan Enchanter)               Turns: 2763, Time: 00:07:27

Health: -6/24      AC:  2    Str:  8    XL:     5   Next: 14%
Magic:  2/10       EV: 19    Int: 18    God:
Gold:   97         SH:  0    Dex: 16    Spells: 4/10 levels left

rFire    . . .     SeeInvis +   a - +1 dagger
rCold    . . .     Gourm    .   (shield restricted)
rNeg     . . .     Faith    .   b - +0 robe
rPois    .         Spirit   .   (helmet restricted)
rElec    .         Reflect  .   (no cloak)
rCorr    +         Harm     .   (gloves unavailable)
MR       .....                  (boots unavailable)
Stlth    +++.......             (no amulet)
HPRegen  0.08/turn              f - ring of resist corrosion
MPRegen  0.12/turn              l - +4 ring of strength

@: very slightly contaminated, very quick
A: very small, unfitting armour, see invisible, herbivore, speed 3, slow
metabolism 2
a: no special abilities


You were on level 3 of the Dungeon.
You were hungry.

You visited 1 branch of the dungeon, and saw 3 of its levels.

You collected 97 gold pieces.

Inventory:

Hand Weapons
 a - a +1 dagger (weapon)
 j - a +0 hunting sling
Missiles
 k - 109 stones (quivered)
Armour
 b - a +0 robe (worn)
Jewellery
 f - a ring of resist corrosion (left hand)
 l - a +4 ring of strength (right hand)
Wands
 n - a wand of digging (1)
Scrolls
 c - a scroll of remove curse {unknown}
 e - a scroll of immolation {unknown}
 h - a scroll of teleportation {unknown}
 m - a scroll of identify {unknown}
Potions
 g - a potion of mutation {unknown}
 i - a potion of lignification {unknown}
Comestibles
 d - 7 rations


   Skills:
 + Level 2.2 Short Blades
 + Level 4.2 Dodging
 + Level 5.9 Stealth
 - Level 3.0 Spellcasting
 + Level 4.3 Hexes
 * Level 1.6 Ice Magic


You had 4 spell levels left.
You knew the following spells:

 Your Spells              Type           Power        Failure   Level  Hunger
a - Ensorcelled Hibernat  Hex/Ice        ##....       8%          2    ##.....
b - Corona                Hex            ###....      2%          1    None
c - Confuse               Hex            ###.....     9%          3    ###....

Your spell library contained the following spells:

 Spells                   Type           Power        Failure   Level  Hunger
 Tukima's Dance           Hex            ###.....     9%          3    ###....
 Dazzling Spray           Conj/Hex       ##....       21%         3    ###....


Dungeon Overview and Level Annotations

Branches:
Dungeon (3/15)

Altars:

Annotations:
D:3 Grinder


Innate Abilities, Weirdness & Mutations

You are very small and have problems with some larger weapons.
You are too small for most types of armour.
You have supernaturally acute eyesight. (SInv)
You are a herbivore.
You cover ground extremely quickly.
You need to consume almost no food.


Message History

Pain shoots through your body!
* * * LOW HITPOINT WARNING * * *
You hit Grinder.
Grinder is heavily wounded.
Grinder barely misses you.
Casting: Confuse (safe; 9% risk of failure)
Confirm with . or Enter, or press ? or * to list all spells.
Aiming: Confuse (safe; 9% risk of failure)
Press: ? - help, Shift-Dir - straight line, f/p - Grinder
Aim: Grinder (heavily wounded, chance to defeat MR: 49%) Grinder appears confused.
You hit Grinder.
Grinder is severely wounded.
You hit Grinder but do no damage.
Grinder is severely wounded.
You catch the helpless Grinder completely off-guard!
You puncture Grinder!
Grinder is almost dead.
Grinder hits you!
You die...

..<..#...##...# #.#.#
#..#.#...##...# #.#.#
...#.#...##...# #.#.#
.....#...##...# #.#.#
..[..#...##...# #.#.#
###..#...##...####.#.#######
.........).................#
####.##..##...#####........#
...[.#...######5@..........#
..##....###...'............#
..............#............#
#####.........#............#
..............#####........#
.....#........# #........#
.......>......# ##########
.....######.###
.........##.####


You could see Grinder (confused).

Vanquished Creatures
  Ijyb (D:3)
  An orc wizard (D:3)
  A worker ant (D:3)
  An adder (D:2)
  2 oozes
  A worm (D:3)
  A dart slug (D:3)
  3 leopard geckos
  4 orcs
  6 bats
  2 giant cockroaches (D:2)
  8 goblins
  7 hobgoblins
  3 jackals (D:3)
  4 frilled lizards (D:1)
  2 kobolds (D:2)
  8 rats
55 creatures vanquished.

Notes
Turn   | Place    | Note
-------+----------+-------------------------------------------
     0 | D:1      | zishaf the Spriggan Enchanter began the quest for the Orb.
     0 | D:1      | Reached XP level 1. HP: 9/9 MP: 5/5
   110 | D:1      | You fall through a shaft!
   140 | D:2      | Reached XP level 2. HP: 4/13 MP: 3/6
   144 | D:2      | Learned a level 2 spell: Ensorcelled Hibernation
   430 | D:2      | Reached skill level 5 in Stealth
  1226 | D:2      | Reached XP level 3. HP: 16/16 MP: 5/8
  2284 | D:3      | Reached skill level 1 in Ice Magic
  2284 | D:3      | Reached XP level 4. HP: 21/21 MP: 6/9
  2285 | D:3      | Noticed Grinder
  2374 | D:3      | Noticed Ijyb
  2380 | D:3      | Killed Ijyb
  2453 | D:3      | Paralysed by Grinder for 2 turns
  2515 | D:2      | Learned a level 3 spell: Confuse
  2653 | D:3      | Reached XP level 5. HP: 20/24 MP: 0/10
  2763 | D:3      | Mangled by Grinder

Vault maps used:
D:1:      dpeg_arrival_tiny_b
D:2:      minmay_crystal_water
D:3:      first_ration, st_stairs_1, uniq_grinder, uniq_ijyb

Skill      XL: |  1  2  3  4 |
---------------+-------------+-----
Stealth        | 5 |  5.9
Spellcasting   | 3 |  3.0
Hexes          | 4 |  4.3
Ice Magic      | 1 |  1.6
Short Blades   | 2 |  2.2
Dodging        | 4 |  4.2

Action                   |  1- 3 |  4- 6 || total
-------------------------+-------+-------++-------
Melee: Dagger            |    91 |    37 ||   128
 Cast: Corona            |     6 |       ||     6
       Ensorcelled Hiber |    32 |    13 ||    45
       Confuse           |       |     2 ||     2
 Stab: Sleeping          |    29 |    11 ||    40
       Confused          |       |     2 ||     2
  Eat: Ration            |       |     1 ||     1
Armor: Robe              |     5 |       ||     5
Dodge: Dodged            |    76 |    25 ||   101

Table legend:
 A = Non-vault XP
 B = Vault XP
 C = Vault XP percentage of total XP
 D = Non-vault monster count
 E = Vault monster count
 F = Vault count percentage of total count
                 A         B        C        D         E       F
            +---------+---------+-------+---------+---------+-------
      Total |     178 |      44 |  19.8 |      51 |       4 |   7.3
            +---------+---------+-------+---------+---------+-------
        D:1 |      20 |       0 |   0.0 |      12 |       0 |   0.0
        D:2 |      68 |       0 |   0.0 |      28 |       0 |   0.0
        D:3 |      90 |      44 |  32.8 |      11 |       4 |  26.7
            +---------+---------+-------+---------+---------+-------
